 Dungeon Crawl Stone Soup version 0.29.0-11-gd7f09526c8 (webtiles) character file.

Game seed: 10009028870248887547

9261 Ge0ff the Transmogrifier (level 11, -3/75 HPs)
             Began as a Merfolk Earth Elementalist on Sept 3, 2022.
             Was a Believer of Wu Jian.
             Killed from afar by Fannar (21 damage)
             ... with a bolt of cold
             ... on level 9 of the Dungeon.
             The game lasted 00:37:30 (15558 turns).

Ge0ff the Transmogrifier (MfEE)                    Turns: 15558, Time: 00:37:30

Health: -3/75      AC:  7    Str:  8    XL:     11   Next: 43%
Magic:  0/17       EV: 12    Int: 20    God:    Wu Jian [**....]
Gold:   707        SH:  5    Dex: 14    Spells: 3/18 levels left

rFire   . . .      SeeInvis .   b - +4 rapier (drain)
rCold   + . .      Faith    .   (no shield)
rNeg    . . .      Spirit   .   z - +2 robe {Will+}
rPois   .          Reflect  +   Y - +0 helmet
rElec   .          Harm     .   D - +0 cloak
rCorr   .          Rampage  .   (no gloves)
Will    +....                   O - +0 pair of boots
Stlth   ++........              G - amulet of reflection
HPRegen 0.22/turn               C - +4 ring of slaying {=R}
MPRegen 0.15/turn               F - ring of protection from cold

@: very slightly contaminated
A: (nimble swimmer 2), mertail
a: Renounce Religion, Wall Jump


You were on level 9 of the Dungeon.
You worshipped Wu Jian.
Wu Jian was pleased with you.
You visited 2 branches of the dungeon, and saw 11 of its levels.

You collected 707 gold pieces.

Inventory:

Hand Weapons
 b - a +4 rapier of draining (weapon)
 r - a +0 glaive of flaming
 w - a +0 dagger of venom
 x - a +5 trident
 y - a +2 scimitar of flaming
 A - a +2 vampiric dagger
 L - a +0 lajatang
 R - a +0 dagger of distortion
 W - a +2 dagger of holy wrath
Missiles
 N - 2 poisoned darts
 Q - 59 stones
 X - 3 atropa-tipped darts
Armour
 l - a +2 pair of gloves
 n - +0 swamp dragon scales
 s - a +1 robe of cold resistance
 u - a +2 kite shield
 z - a +2 robe of willpower (worn)
 D - a +0 cloak (worn)
 E - +0 acid dragon scales
 I - a +0 leather armour
 O - a +0 pair of boots (worn)
 Y - a +0 helmet (worn)
Magical Staves
 a - a staff of conjuration
 p - a staff of poison
Jewellery
 o - a +4 ring of protection
 C - a +4 ring of slaying (left hand) {=R}
 F - a ring of protection from cold (right hand)
 G - an amulet of reflection (around neck)
 M - an amulet of guardian spirit
 S - a ring of poison resistance
 U - a ring of ice
 Z - a ring of willpower
Wands
 d - a wand of digging (5)
Scrolls
 m - 3 scrolls of magic mapping
 B - 2 scrolls of blinking
 P - 3 scrolls of torment
 T - 2 scrolls of teleportation
 V - a scroll of vulnerability
Potions
 q - a potion of curing
 t - 2 potions of lignification {unknown}
 K - a potion of magic {!q}


   Skills:
 - Level 3.0 Fighting
 - Level 2.6 Dodging
 - Level 2.1 Stealth
 - Level 5.4 Unarmed Combat
 + Level 4.2 Spellcasting
 + Level 5.9 Conjurations
 + Level 10.6 Transmutations
 - Level 7.0 Ice Magic
 + Level 3.2 Air Magic
 - Level 7.0 Earth Magic
 - Level 3.0 Poison Magic
 - Level 3.0 Evocations


You had 3 spell levels left.
You knew the following spells:

 Your Spells              Type           Power      Damage    Failure   Level
a - Stone Arrow           Conj/Erth      60%        3d10      2%          3
b - Ice Form              Ice/Tmut       39%        N/A       3%          4
f - Mephitic Cloud        Conj/Pois/Air  20%        N/A       7%          3
k - Sandblast             Erth           64%        2d14      1%          1
w - Passwall              Tmut/Erth      32%        N/A       1%          2
E - Static Discharge      Conj/Air       22%        3-6/arc   3%          2

Your spell library contained the following spells:

 Spells                   Type           Power      Damage    Failure   Level
 Magic Dart               Conj           100%       1d8       1%          1
 Foxfire                  Conj/Fire      64%        2x1d7     3%          1
 Conjure Flame            Conj/Fire      16%        6-21      11%         3
 Blink                    Tloc           8%         N/A       19%         2
 Call Imp                 Summ           4%         N/A       19%         2
 Call Canine Familiar     Summ           4%         N/A       36%         3
 Inner Flame              Hex/Fire       4%         N/A       36%         3
 Portal Projectile        Hex/Tloc       8%         N/A       36%         3
 Petrify                  Tmut/Erth      39%        N/A       3%          4
 Alistair's Intoxication  Tmut/Pois      20%        N/A       22%         5
 Leda's Liquefaction      Hex/Erth       9%         N/A       30%         4
 Flame Wave               Conj/Fire      16%        2d7       36%         4
 Lightning Bolt           Conj/Air       11%        1d24      47%         5
 Eringya's Noxious Bog    Tmut/Pois      15%        N/A       75%         6
 Manifold Assault         Tloc           4%         N/A       98%         5
 Storm Form               Tmut/Air       16%        N/A       99%         7
 Maxwell's Capacitive Co  Air            8%         ∞         100%        8


Dungeon Overview and Level Annotations

Branches:
Dungeon (10/15) Zot: 25971  Temple (1/1) D:7 Zot: 5694    Lair (0/5) D:8
    Orc: D:9-12

Altars:
Ashenzari
Cheibriados
Dithmenos
Elyvilon
Fedhas
Gozag
Hepliaklqana
Kikubaaqudgha
Makhleb
Nemelex Xobeh
Okawaru
Qazlal
Ru
Sif Muna
Trog
Uskayaw
Vehumet
Wu Jian
Xom
Yredelemnul
Zin
The Shining One

Shops:
D:8 (

Annotations:
D:8 2 transporters , MoonlitKnight's ghost, novice DjCA
D:9 Fannar
D:10 exclusions: orc, orc warrior, orc wizard, wolf and wraith


Innate Abilities, Weirdness & Mutations

((You are very nimble when in or above water. (Stealth+, EV+, Speed+++)))
Your lower body shifts to a powerful aquatic tail in water.


Message History

The ice beast disappears in a puff of smoke!
There is a stone staircase leading down here.
Throw: throwing net {=F}
Press: ? - help, Shift-Dir - straight line, f - Fannar
Aim: Fannar, wielding a +0 quarterstaff of freezing, wearing a +1 robe of cold resistance and wearing a ring of ice (moderately wounded, 48% to hit)
You throw a throwing net {=F}. The throwing net {=F} misses Fannar.
Fannar says, "Freeze!"
Fannar casts a spell at you. The bolt of cold hits you! You resist.
Casting: Stone Arrow (mildly dangerous; 2% risk of failure)
Confirm with . or Enter, or press ? or * to list all spells.
Aiming: Stone Arrow (mildly dangerous; 2% risk of failure)
Press: ? - help, Shift-Dir - straight line, f/p - Fannar
Aim: Fannar, wielding a +0 quarterstaff of freezing, wearing a +1 robe of cold resistance and wearing a ring of ice (moderately wounded, 60% to hit)
You feel a surge of power!
You miscast Stone Arrow.
You are very lightly contaminated with residual magic.
Nothing appears to happen.
Some snowflakes condense on Fannar.
Fannar hits you with a +0 quarterstaff of freezing!
Fannar freezes you.
Casting: Stone Arrow (mildly dangerous; 2% risk of failure)
Confirm with . or Enter, or press ? or * to list all spells.
Aiming: Stone Arrow (mildly dangerous; 2% risk of failure)
Press: ? - help, Shift-Dir - straight line, f/p - Fannar
Aim: Fannar, wielding a +0 quarterstaff of freezing, wearing a +1 robe of cold resistance and wearing a ring of ice (moderately wounded, 60% to hit)
You feel a surge of power!
You miscast Stone Arrow.
Nothing appears to happen.
Fannar hits you with a +0 quarterstaff of freezing!
Fannar freezes you.
Casting: Stone Arrow (mildly dangerous; 2% risk of failure)
Confirm with . or Enter, or press ? or * to list all spells.
Aiming: Stone Arrow (mildly dangerous; 2% risk of failure)
Press: ? - help, Shift-Dir - straight line, f/p - Fannar
Aim: Fannar, wielding a +0 quarterstaff of freezing, wearing a +1 robe of cold resistance and wearing a ring of ice (moderately wounded, 60% to hit)
You feel a surge of power!
The stone arrow hits Fannar!!
Fannar is heavily wounded.
Fannar misses you.
You sense an unholy aura.
b - a +4 rapier of draining (weapon)
You puncture Fannar! You drain Fannar.
Fannar is severely wounded.
Fannar hits you with a +0 quarterstaff of freezing!
* * * LOW HITPOINT WARNING * * *
Fannar freezes you.
* * * LOW HITPOINT WARNING * * *
Fannar points at you and mumbles some strange words.
The bolt of cold hits you!! You resist.
You die...

.#....#........#####......#
.#....#........#...#...####
.######)[.###..#...#...#
....).....#.#..#...#...#
....).....#.#..###'#...#
...########.#..........#
...#........#..........#
...#........#..........#
...#........#...@.....[#
.###........#####e.[...#
.#..............#......#
.#..............#......#
.#..............#......#
.#...?..........#......####
.#..............#.........#
.#..............#......(..#
.#...#########'##.).......#


You could see Fannar (drained).

Vanquished Creatures
  Josephine (D:9)
  Harold (D:9)
  2 two-headed ogres
  Erica (D:9)
  Maggie (D:9)
  A hornet (D:7)
  Grinder (D:5)
  Sigmund (D:6)
  A shadow (D:9)
  A vampire (D:8)
  3 wraiths (D:10)
  3 yaks
  A steam dragon (D:8)
  Menkaure (D:6)
  An acid dragon (D:9)
  5 water moccasins
  A sky beast (D:8)
  A black bear (D:4)
  An orc warrior (D:5)
  2 ice beasts (D:7)
  2 ogres
  A centaur (D:9)
  A kobold brigand (D:9)
  4 bullfrogs
  2 gnoll sergeants
  A necrophage (D:5)
  3 scorpions
  5 wights (D:9)
  12 killer bees
  2 jellies
  4 howler monkeys
  6 orc priests
  5 hounds
  An iguana (D:5)
  Jessica (D:3)
  12 orc wizards
  Robin (D:3)
  6 gnolls
  4 adders
  A shadow imp (D:6)
  A white imp (D:7)
  An ufetubus (D:5)
  3 worms
  4 dart slugs
  24 orcs
  3 ball pythons
  7 bats
  8 endoplasms
  7 giant cockroaches
  13 goblins
  9 hobgoblins
  5 quokkas
  3 frilled lizards
  12 kobolds
  6 rats
210 creatures vanquished.

Notes
Turn   | Place    | Note
-------+----------+-------------------------------------------
     0 | D:1      | Ge0ff the Merfolk Earth Elementalist began the quest for
                  | the Orb.
     0 | D:1      | Reached XP level 1. HP: 13/13 MP: 3/3
    59 | D:1      | Found a faded altar of an unknown god.
   318 | D:1      | Prayed at the altar of an unknown god.
   318 | D:1      | Became a worshipper of Ashenzari the Shackled
   330 | D:1      | Fell from the grace of Ashenzari
   351 | D:1      | Reached XP level 2. HP: 19/19 MP: 3/5
   671 | D:1      | Was forgiven by Ashenzari
   753 | D:1      | Reached XP level 3. HP: 24/24 MP: 4/6
  1238 | D:1      | Got the Handbook of the Figure and Cold
  1421 | D:1      | Learned a level 3 spell: Stone Arrow
  1780 | D:2      | Reached XP level 4. HP: 30/30 MP: 5/7
  2319 | D:3      | Reached skill level 1 in Conjurations
  2415 | D:3      | Noticed Jessica
  2419 | D:3      | Killed Jessica
  2487 | D:3      | Reached XP level 5. HP: 33/35 MP: 3/8
  2710 | D:3      | Noticed Robin
  2759 | D:3      | Killed Robin
  3178 | D:4      | You fall into a shaft and drop 3 floors!
  3192 | D:7      | Noticed an ice beast
  3271 | D:7      | Reached XP level 6. HP: 17/41 MP: 0/9
  3613 | D:7      | Learned a level 4 spell: Ice Form
  3683 | D:7      | Noticed an ice beast
  3703 | D:7      | Killed an ice beast
  3704 | D:7      | Reached skill level 2 in Transmutations
  3704 | D:7      | Reached skill level 1 in Ice Magic
  3787 | D:7      | Found a staircase to the Ecumenical Temple.
  3797 | Temple   | Entered the Ecumenical Temple
  4087 | Temple   | Became a worshipper of the Wu Jian Council
  4102 | D:7      | Reached skill level 3 in Transmutations
  4102 | D:7      | Reached XP level 7. HP: 46/46 MP: 8/10
  4281 | D:5      | Entered Level 5 of the Dungeon
  4297 | D:5      | Found a snail-covered altar of Cheibriados.
  4304 | D:5      | Found an ancient bone altar of Kikubaaqudgha.
  4332 | D:5      | Noticed Grinder
  4642 | D:6      | Noticed Menkaure
  4646 | D:6      | Killed Menkaure
  4647 | D:6      | Reached skill level 4 in Transmutations
  4647 | D:6      | Reached skill level 5 in Earth Magic
  4912 | D:6      | Reached XP level 8. HP: 43/52 MP: 3/11
  4927 | D:6      | Reached skill level 5 in Transmutations
  5391 | D:6      | Reached * piety under Wu Jian
  5499 | D:6      | Noticed Sigmund
  5507 | D:6      | Killed Sigmund
  5677 | D:6      | Learned a level 2 spell: Passwall
  5682 | D:6      | Found a burning altar of Makhleb.
  5826 | D:5      | Reached skill level 6 in Transmutations
  6129 | D:5      | Reached skill level 5 in Ice Magic
  6760 | D:4      | Reached skill level 7 in Transmutations
  7038 | D:4      | Reached XP level 9. HP: 57/57 MP: 5/12
  7197 | D:4      | Found a blossoming altar of Fedhas.
  7342 | D:4      | Reached skill level 1 in Unarmed Combat
  7834 | D:5      | Killed Grinder
  8764 | D:6      | Reached skill level 8 in Transmutations
  9351 | D:7      | Noticed a hornet
  9360 | D:7      | Killed a hornet
 10214 | D:7      | Reached skill level 9 in Transmutations
 10615 | D:8      | Found a staircase to the Lair.
 10634 | D:8      | Learned a level 2 spell: Static Discharge
 10764 | D:7      | Reached XP level 10. HP: 64/64 MP: 6/13
 10902 | D:8      | Noticed a two-headed ogre
 10908 | D:8      | Killed a two-headed ogre
 10909 | D:8      | Reached skill level 1 in Fighting
 10909 | D:8      | Reached skill level 5 in Conjurations
 10909 | D:8      | Reached skill level 1 in Air Magic
 11005 | D:7      | Reached ** piety under Wu Jian
 11433 | D:8      | Noticed a cyan ugly thing
 11546 | D:8      | Noticed MoonlitKnight's ghost (novice DjCA)
 11623 | D:8      | Found a transporter.
 11625 | D:8      | Found Poum's Weapon Emporium.
 11769 | D:8      | Found a transporter.
 12244 | D:9      | Noticed a two-headed ogre
 12251 | D:9      | Killed a two-headed ogre
 12252 | D:9      | Reached skill level 1 in Evocations
 12585 | D:9      | Noticed Harold
 12819 | D:8      | Found a staircase to the Lair.
 12880 | D:8      | Found Poum's Weapon Emporium.
 12898 | D:8      | Found a transporter.
 12899 | D:8      | Found a transporter.
 13143 | D:9      | Noticed Erica
 13158 | D:9      | Killed Erica
 13159 | D:9      | Reached skill level 10 in Transmutations
 13445 | D:9      | Noticed Maggie
 13464 | D:9      | Reached XP level 11. HP: 60/75 MP: 11/16
 13615 | D:9      | Killed Maggie
 13616 | D:9      | Reached skill level 5 in Unarmed Combat
 13877 | D:9      | Learned a level 5 spell: Manifold Assault
 13964 | D:9      | Killed Harold
 14519 | D:10     | Entered Level 10 of the Dungeon
 14542 | D:10     | Noticed Josephine
 15143 | D:10     | Noticed Fannar
 15193 | D:8      | Learned a level 3 spell: Mephitic Cloud
 15238 | D:9      | Killed Josephine
 15558 | D:9      | Killed from afar by Fannar

Illustrated notes

Levels and vault maps discovered:
D:1:      minmay_arrival_cross, layout_basic, basic_ecumenical_altar,
          hangedman_decor_clover_reticule, st_stairs_10
D:2:      layout_loops_ring
D:3:      layout_rooms, uniq_robin, uniq_jessica
D:4:      layout_basic, nicolae_overflow_crystal_walls
D:5:      layout_rooms, mainiacjoe_overflow_catwalk_spiral, uniq_grinder
D:6:      layout_loops_corners, nicolae_overflow_hidden_temple, uniq_menkaure,
          uniq_sigmund
D:7:      layout_basic, minmay_temple_entry_steel_oval, chequers_garden
D:8:      layout_cave_pools, lair_entry_dummy, serial_shops, shop,
          nzn_ghost_randoct, minmay_strange_pillars
D:9:      layout_irregular_city, serial_column_ruins, column_ruins_open_small,
          column_ruins_grid_1, column_ruins_grid_2, column_ruins_grid_1,
          column_ruins_grid_1, uniq_harold, uniq_maggie, uniq_erica
D:10:     layout_cave_pools, david_orc_4, gammafunk_ghost_ooze, uniq_josephine,
          uniq_grum, uniq_fannar
Temple:   mainiacjoe_temple_coin_purse

Skill      XL: |  1  2  3  4  5  6  7  8  9 10 11 |
---------------+----------------------------------+-----
Earth Magic    | 3 4 5 6 7 |  7.0
Conjurations   | 1 2 3 4 5 |  5.9
Transmutations | 3 4 7 9 10 | 10.6
Ice Magic      | 2 3 5 7 |  7.0
Unarmed Combat | 3 4 5 |  5.4
Fighting       | 3 |  3.0
Air Magic      | 2 3 |  3.2
Spellcasting   | 3 4 |  4.2
Evocations     | 2 3 |  3.0
Poison Magic   | 3 |  3.0
Dodging        | |  2.6
Stealth        | |  2.1

Action                   |  1- 3 |  4- 6 |  7- 9 | 10-12 || total
-------------------------+-------+-------+-------+-------++-------
Melee: Unarmed           |     8 |       |     7 |     8 ||    23
       Dagger            |    11 |     1 |       |       ||    12
       Rapier            |       |    36 |    91 |    17 ||   144
       Staff             |       |       |     1 |     7 ||     8
       Punch             |       |       |       |     2 ||     2
Throw: Stone             |       |       |     1 |     1 ||     2
       Dart              |       |       |       |     4 ||     4
       Throwing net      |       |       |       |     2 ||     2
 Cast: Sandblast         |    59 |    66 |    40 |     5 ||   170
       Stone Arrow       |       |     2 |    92 |    92 ||   186
       Passwall          |       |       |     2 |       ||     2
       Ice Form          |       |       |     1 |     2 ||     3
       Static Discharge  |       |       |       |    20 ||    20
       Mephitic Cloud    |       |       |       |     2 ||     2
Invok: Renounce Religion |     1 |       |       |       ||     1
       Lunge             |       |       |     2 |     1 ||     3
Evoke: Wand              |       |       |     3 |     3 ||     6
  Use: Scroll            |       |     3 |     9 |     8 ||    20
       Potion            |       |     3 |     3 |     4 ||    10
 Stab: Paralysed         |       |       |       |     6 ||     6
Armor: Robe              |    12 |    23 |    32 |     9 ||    76
       Skin              |       |       |     2 |     6 ||     8
Dodge: Dodged            |    27 |    33 |    94 |    40 ||   194
Block: Other             |       |       |    12 |    18 ||    30
       Reflection        |       |       |       |     1 ||     1
